 Dungeon Crawl Stone Soup version 0.26-a0-540-g8a0c9464d7 (webtiles) character file.

Game seed: 16636201720446920771

65 kae the Ruffian (level 3, 0/28 HPs)
             Began as a Demonspawn Gladiator on Aug 24, 2020.
             Killed by nerve-wracking pain
             ... invoked by Grinder
              (2 damage)
             ... on level 3 of the Dungeon.
             The game lasted 00:03:23 (3156 turns).

kae the Ruffian (Demonspawn Gladiator)              Turns: 3156, Time: 00:03:24

Health: 0/28       AC:  7    Str: 13 (15) XL:     3   Next: 92%
Magic:  3/3        EV: 12    Int:  7 (9)  God:
Gold:   141        SH:  0    Dex: 11 (14) Spells: 2/2 levels left

rFire    . . .     SeeInvis .     - Unarmed
rCold    . . .     Faith    .   (no shield)
rNeg     . . .     Spirit   .   a - +0 leather armour
rPois    .         Reflect  .   b - +0 helmet
rElec    .         Harm     .   l - +2 cloak
rCorr    .                      (no gloves)
MR       .....                  (no boots)
Stlth    +.........             (no amulet)
HPRegen  0.09/turn              (no ring)
MPRegen  0.08/turn              (no ring)

@: no status effects
A: hooves 1
a: no special abilities


You were on level 3 of the Dungeon.
You visited 1 branch of the dungeon, and saw 3 of its levels.

You collected 141 gold pieces.

Inventory:

Missiles
 c - 3 throwing nets (quivered)
Armour
 a - a +0 leather armour (worn)
 b - a +0 helmet (worn)
 l - a +2 cloak (worn)
Jewellery
 f - an uncursed ring of wizardry {unknown}
 k - an uncursed ring of positive energy {unknown}
 o - an uncursed ring of resist corrosion {unknown}
Scrolls
 d - a scroll of amnesia
 e - a scroll of identify {unknown}
 m - a scroll of noise {unknown}
 n - a scroll of blinking {unknown}
 q - a scroll of enchant weapon {unknown}
 r - a scroll of fog {unknown}
Potions
 h - a potion of lignification
 j - a potion of cancellation
 p - a potion of resistance


   Skills:
 + Level 2.9 Fighting
 - Level 1.7 Throwing
 - Level 2.6 Dodging
 * Level 3.9 Unarmed Combat


You had 2 spell levels left.
You didn't know any spells.
Your spell library was empty.

Dungeon Overview and Level Annotations

Branches:
Dungeon (3/15)

Altars:

Annotations:
D:2 Jessica, Sigmund
D:3 Grinder


Innate Abilities, Weirdness & Mutations

You have large cloven feet.


Message History

Unknown command.
Unknown command.
It was a potion of degeneration.
There was something very wrong with that liquid.
You feel weakened.
You feel dopey.
You feel clumsy.
Grinder blinks!
It was a potion of lignification.
You turn into a tree.
Your +2 cloak melds into your body.
Your +0 helmet melds into your body.
Your +0 leather armour melds into your body.
Your roots penetrate the ground.
It was a potion of flight.
Your roots keep you in place.
It was a potion of cancellation.
Your magical effects are unravelling.
You feel magically purged.
You feel less wooden.
Your +2 cloak unmelds from your body.
Your +0 helmet unmelds from your body.
Your +0 leather armour unmelds from your body.
Grinder gestures at you. Pain shoots through your body!
You die...

#...###.##.####.## .
##...##......###.###.
#..................#.
#............#####.#
...####......####.##
.#
#...............#.#
.# #.###.......#.#.#
.# # # ##.##......#.#
..
#.#.##....@...5.#.#
##
#.#...............#
#..##..........#.# .
##..>...#......#..
..#............#.#
#........##...#.#
#...........#.....#
##.......##...#.###
#..........#.##.#


You could see Grinder.

Vanquished Creatures
  An adder (D:2)
  A worm (D:1)
  2 dart slugs (D:1)
  A ball python (D:2)
  3 giant cockroaches (D:1)
  8 goblins
  6 hobgoblins
  10 bats
  2 frilled lizards (D:3)
  5 kobolds
  10 rats
49 creatures vanquished.

Notes
Turn   | Place    | Note
-------+----------+-------------------------------------------
     0 | D:1      | kae the Demonspawn Gladiator began the quest for the Orb.
     0 | D:1      | Reached XP level 1. HP: 16/16 MP: 1/1
   204 | D:1      | Reached skill level 3 in Unarmed Combat
   284 | D:1      | Gained mutation: You have large cloven feet. [demonic
                  | ancestry]
   284 | D:1      | Reached XP level 2. HP: 19/22 MP: 2/2
  1106 | D:1      | Reached XP level 3. HP: 27/28 MP: 3/3
  1801 | D:2      | Noticed Jessica
  2569 | D:2      | Noticed Sigmund
  3131 | D:3      | Noticed Grinder
  3146 | D:3      | Paralysed by Grinder for 7 turns
  3156 | D:3      | Killed from afar by Grinder

Illustrated notes

Levels and vault maps discovered:
D:1:      lightli_arrival_lavapool, layout_basic, amethyst_killhole
D:2:      layout_rooms, serial_bayou_crossing, uniq_jessica, uniq_sigmund
D:3:      layout_loops_ring, ebering_ghost_reflecting_pool, uniq_grinder

Skill      XL: |  1 |
---------------+----+-----
Unarmed Combat | 3 |  3.9
Fighting       | |  2.9
Throwing       | |  1.7
Dodging        | |  2.6

Action                   || total
-------------------------++-------
Melee: Unarmed           ||   181
       Punch             ||     1
       Kick              ||    34
  Use: Scroll            ||     4
       Potion            ||     4
Armor: Leather armour    ||    56
Dodge: Dodged            ||   118

Table legend: (Time is in decaauts)
 A = Elapsed time spent in this place.
 B = Non-inter-level travel time spent in this place.
 C = Inter-level travel time spent in this place.
 D = Time resting spent in this place.
 E = Time spent auto-exploring this place.
 F = Levels seen in this place.
 G = Mean time per level.
                   A        B        C        D        E       F      G
               +--------+--------+--------+--------+--------+-----+--------+
         Total |   3147 |   3018 |    129 |    813 |   1706 |   3 | 1049.0 |
       Dungeon |   3147 |   3018 |    129 |    813 |   1706 |   3 | 1049.0 |
               +--------+--------+--------+--------+--------+-----+--------+

Top non-repeatable levels by time:
     D:1: 2025 daAuts
     D:2: 830 daAuts
     D:3: 291 daAuts
